 Dungeon Crawl Stone Soup version 0.31-a0-692-gf03d1854d5 (webtiles) character file.

Game seed: 18064746117762666687

936 qw the Skirmisher (level 8, -11/50 HPs)
             Began as a Gargoyle Hunter on Sept 6, 2023.
             Mangled by Maggie
             ... wielding a +0 long sword
              (13 damage)
             ... on level 6 of the Dungeon.
             The game lasted 00:01:55 (4171 turns).

qw the Skirmisher (Gargoyle Hunter)                 Turns: 4171, Time: 00:01:56

Health: -11/50     AC: 10    Str: 15      XL:     8   Next: 12%
Magic:  8/8        EV: 11    Int: 10      God:
Gold:   301        SH:  0    Dex: 14 (15) Spells: 7/7 levels left

rFire   . . .        Y - +0 shortbow
rCold   . . .        (shield currently unavailable)
rNeg    + . .        a - +0 ring mail
rPois   inf          (no helmet)
rElec   +            (no cloak)
rCorr   .            (no gloves)
SInv    .            (no boots)
Will    .....        e - amulet of the acrobat
Stlth   +            (no ring)
HPRegen 0.28/turn    (no ring)
MPRegen 0.11/turn

%: acrobat
@: no status effects
A: sickness immunity, AC +5, negative energy resistance 1, electricity
resistance, torment resistance 1, petrification resistance
a: no special abilities


You were on level 6 of the Dungeon.
You visited 2 branches of the dungeon, and saw 7 of its levels.

You collected 301 gold pieces.


Innate Abilities, Weirdness & Mutations

You are immune to sickness and miasma.
Your stone body is resilient. (AC +5)
You are immune to poison.
You resist negative energy. (rN+)
You are resistant to electric shocks. (rElec)
You are resistant to unholy torment.
You are immune to petrification.


   Skills:
 - Level 5.5 Fighting
 + Level 8.5 Ranged Weapons
 - Level 1.6 Armour
 - Level 1.5 Dodging
 - Level 1.1 Stealth


You had 7 spell levels left.
You didn't know any spells.
Your spell library was empty.

Inventory:

Hand Weapons
 Y - a +0 shortbow (weapon)
Armour
 a - a +0 ring mail (worn)
Jewellery
 e - an amulet of the acrobat (around neck)
Scrolls
 g - a scroll of identify
Potions
 d - 2 potions of might
 h - a potion of resistance
 i - a potion of haste
 k - a potion of mutation {unknown}

Dungeon Overview and Level Annotations

Branches:
Dungeon (6/15)             Temple (1/1) D:6

Altars:
Ashenzari
Cheibriados
Elyvilon
Fedhas
Hepliaklqana
Kikubaaqudgha
Makhleb
Trog
Uskayaw
Vehumet
Zin

Annotations:
D:6 Maggie


Message History

The bolt of fire hits you!
You shoot an arrow. The arrow hits Maggie.
Maggie is heavily wounded.
Maggie hits you with a +0 long sword.
You shoot an arrow.
The arrow hits Maggie but does no damage.
Maggie is heavily wounded.
Maggie practices a pose.
Maggie barely misses you.
You shoot an arrow.
The arrow hits Maggie but does no damage.
Maggie is heavily wounded.
Maggie barely misses you.
You shoot an arrow.
The arrow hits Maggie but does no damage.
Maggie is heavily wounded.
Maggie closely misses you.
You shoot an arrow.
The arrow hits Maggie but does no damage.
Maggie is heavily wounded.
Maggie points at you and mumbles some strange words.
The bolt of fire hits you!!
Ouch! That really hurt!
You shoot an arrow. The arrow barely misses Maggie.
Maggie says, "Leave now, and tell all of Margery's mercy!"
Maggie hits you but does no damage.
You shoot an arrow.
The arrow hits Maggie but does no damage.
Maggie is heavily wounded.
Maggie mumbles the words to a spell, but in the wrong order.
Maggie hits you but does no damage.
You shoot an arrow.
The arrow hits Maggie but does no damage.
Maggie is heavily wounded.
Maggie completely misses you.
You shoot an arrow.
The arrow hits Maggie but does no damage.
Maggie is heavily wounded.
Maggie hits you with a +0 long sword!
You die...

.............#
........>....#
.............#
............##
##..####...## ### ##.##
##### ##.!# ###..#
##....##
..##.###########......##
................@@......
........................
........#########......#
.......## #)....#
.......# #..... ......##
..... .....## ....
...### ##.. ..##


You could see Maggie.

Vanquished Creatures
  Eustachio (D:6)
  Menkaure (D:6)
  A black bear (D:5)
  A phantom (D:4)
  A scorpion (D:4)
  A water moccasin zombie (D:3)
  2 hounds
  An orc priest (D:5)
  2 iguanas (D:5)
  2 orc wizards (D:4)
  A hound zombie (D:3)
  9 adders
  An adder skeleton (D:3)
  An adder zombie (D:3)
  3 worms
  10 orcs
  6 bats
  5 endoplasms
  3 giant cockroaches
  8 goblins
  12 hobgoblins
  3 jackals (D:3)
  6 quokkas
  10 ball pythons
  A ball python skeleton (D:3)
  4 frilled lizards
  A jackal zombie (D:3)
  A kobold (D:1)
  A quokka skeleton (D:3)
  6 rats
105 creatures vanquished.

Notes
Turn   | Place    | Note
-------+----------+-------------------------------------------
     0 | D:1      | qw the Gargoyle Hunter began the quest for the Orb.
     0 | D:1      | Reached XP level 1. HP: 12/12 MP: 1/1
     0 | D:1      | 0 ||| qw: Version: 0.3-a-76-g4403597
     0 | D:1      | 0 ||| qw: Game counter: 56
     0 | D:1      | 0 ||| qw: Melee chars always use a shield: true
     0 | D:1      | 0 ||| qw: God list: Okawaru
     0 | D:1      | 0 ||| qw: Allow faded altars: false
     0 | D:1      | 0 ||| qw: Do Orc after clearing Dungeon:15 true
     0 | D:1      | 0 ||| qw: Do second Lair branch before Depths: true
     0 | D:1      | 0 ||| qw: Lair rune preference: random
     0 | D:1      | 0 ||| qw: Goals: Normal
     0 | D:1      | 0 ||| PLANNING D:1-11
     6 | D:1      | Noticed a five-headed hydra
     6 | D:1      | Noticed a swamp worm
     6 | D:1      | Noticed a hound
     7 | D:1      | Noticed a black bear
    85 | D:1      | Reached XP level 2. HP: 17/17 MP: 2/2
   393 | D:1      | 393 ||| UPGRADING to amulet of the acrobat.
   398 | D:1      | 398 ||| READING scroll labelled HAK REUNTOEJAJO.
   399 | D:1      | 399 ||| READING 2 scrolls labelled NUDENW USCHUSUMN.
   400 | D:1      | 400 ||| DROPPING scroll of butterflies.
   509 | D:2      | Reached XP level 3. HP: 21/21 MP: 3/3
   749 | D:2      | Reached skill level 5 in Ranged Weapons
  1018 | D:2      | Reached skill level 3 in Fighting
  1026 | D:2      | Reached XP level 4. HP: 28/28 MP: 4/4
  1065 | D:2      | 1065 ||| UPGRADING to +0 ring mail.
  1075 | D:2      | 1075 ||| DROPPING +0 leather armour.
  1076 | D:2      | 1076 ||| READING 2 scrolls labelled RUEDORR ZOPH.
  1114 | D:3      | 1114 ||| STAIRDANCE
  1153 | D:3      | HP: 7/28 [water moccasin zombie (4)]
  1154 | D:3      | 1154 ||| READING scroll of teleportation.
  1257 | D:3      | Reached skill level 1 in Armour
  1544 | D:3      | Reached XP level 5. HP: 32/32 MP: 5/5
  1552 | D:3      | Reached skill level 6 in Ranged Weapons
  1728 | D:3      | Found a hazy altar of Hepliaklqana.
  1729 | D:3      | Found a radiant altar of Vehumet.
  1730 | D:3      | Found a hide-covered altar of Uskayaw.
  1903 | D:3      | Found an ancient bone altar of Kikubaaqudgha.
  1925 | D:3      | 1925 ||| DRINKING 2 grey potions.
  2021 | D:4      | Noticed a phantom
  2022 | D:4      | 2022 ||| RETREATING.
  2024 | D:4      | 2024 ||| Stepping ~*~*~tactically~*~*~ (retreating).
  2033 | D:4      | 2033 ||| Stepping ~*~*~tactically~*~*~ (retreating).
  2034 | D:4      | 2034 ||| Stepping ~*~*~tactically~*~*~ (retreating).
  2035 | D:4      | 2035 ||| Stepping ~*~*~tactically~*~*~ (retreating).
  2036 | D:4      | 2036 ||| Stepping ~*~*~tactically~*~*~ (retreating).
  2037 | D:4      | 2037 ||| Stepping ~*~*~tactically~*~*~ (retreating).
  2038 | D:4      | 2038 ||| Stepping ~*~*~tactically~*~*~ (retreating).
  2044 | D:4      | 2044 ||| Stepping ~*~*~tactically~*~*~ (retreating).
  2045 | D:4      | 2045 ||| Stepping ~*~*~tactically~*~*~ (retreating).
  2046 | D:4      | 2046 ||| Stepping ~*~*~tactically~*~*~ (retreating).
  2056 | D:4      | Killed a phantom
  2057 | D:4      | Reached XP level 6. HP: 22/39 MP: 6/6
  2961 | D:4      | Reached XP level 7. HP: 44/44 MP: 7/7
  3083 | D:4      | 3083 ||| READING scroll labelled VOG ANGIUWO.
  3084 | D:4      | 3084 ||| DRINKING 2 sedimented purple potions.
  3085 | D:4      | 3085 ||| READING 2 scrolls of identify.
  3085 | D:4      | 3085 ||| IDENTIFYING red potion
  3086 | D:4      | 3086 ||| DROPPING potion of brilliance.
  3087 | D:4      | 3087 ||| DROPPING potion of degeneration.
  3110 | D:5      | Entered Level 5 of the Dungeon
  3115 | D:5      | 3115 ||| STAIRDANCE
  3142 | D:5      | 3142 ||| STAIRDANCE
  3147 | D:4      | Reached skill level 7 in Ranged Weapons
  3154 | D:5      | 3154 ||| STAIRDANCE
  3674 | D:5      | Reached skill level 8 in Ranged Weapons
  3862 | D:5      | 3862 ||| READING 4 scrolls of identify.
  3862 | D:5      | 3862 ||| IDENTIFYING murky sapphire potion
  3863 | D:5      | 3863 ||| READING 3 scrolls of identify.
  3863 | D:5      | 3863 ||| IDENTIFYING pink potion
  3864 | D:5      | 3864 ||| READING 2 scrolls of identify.
  3864 | D:5      | 3864 ||| IDENTIFYING fizzy sapphire potion
  3865 | D:5      | 3865 ||| DROPPING potion of berserk rage.
  3891 | D:6      | Found a staircase to the Ecumenical Temple.
  3892 | D:6      | 3892 ||| PLANNING TEMPLE
  3905 | Temple   | Entered the Ecumenical Temple
  3906 | Temple   | 3906 ||| PLANNING D:1-11
  3923 | D:6      | Noticed Menkaure
  3938 | D:6      | Killed Menkaure
  4051 | D:6      | Noticed Eustachio
  4075 | D:6      | Killed Eustachio
  4076 | D:6      | Reached XP level 8. HP: 47/50 MP: 8/8
  4095 | D:6      | Found a snail-covered altar of Cheibriados.
  4149 | D:6      | Noticed Maggie
  4167 | D:6      | HP: 1/50 [Maggie/bolt of fire (27)]
  4171 | D:6      | Mangled by Maggie

Levels and vault maps discovered:
D:1:      onia_arrival_zoo_common, layout_rooms
D:2:      layout_loops_ring, nicolae_half_adder
D:3:      layout_loops_cross, chequers_temple_overflow_statue_of_worship,
          kiku_gazebo_pond_becter, serial_undead, serial_undead_d,
          serial_undead_c, serial_undead_c, serial_undead_f
D:4:      layout_loops_corners, palyth_stone_intersect, minmay_cupped
D:5:      layout_cave_pools
D:6:      layout_cave_pods, mainiacjoe_overflow_tiny_flanked,
          mainiacjoe_overflow_alcove_1, temple_pool_b, uniq_maggie,
          uniq_menkaure, uniq_eustachio
Temple:   nicolae_temple_bog_church

Skill      XL: |  1  2  3  4  5  6  7 |
---------------+----------------------+-----
Ranged Weapons | 5 6 8 |  8.5
Fighting       | 3 4 5 |  5.5
Armour         | 1 |  1.6
Dodging        | |  1.5
Stealth        | |  1.1

Action                     |  1- 3 |  4- 6 |  7- 9 || total
---------------------------+-------+-------+-------++-------
   Fire: Shortbow          |    67 |   251 |   186 ||   504
    Use: Scroll            |     2 |     2 |     5 ||     9
         Potion            |       |     1 |     1 ||     2
 Armour: Leather armour    |    11 |       |       ||    11
         Ring mail         |       |   141 |   105 ||   246
         Skin              |       |       |    26 ||    26
  Dodge: Dodged            |     4 |   124 |    70 ||   198

Table legend:
 A = Non-vault XP
 B = Vault XP
 C = Vault XP percentage of total XP
 D = Non-vault monster count
 E = Vault monster count
 F = Vault count percentage of total count
                 A         B        C        D         E       F
            +---------+---------+-------+---------+---------+-------
      Total |     675 |     663 |  49.6 |      89 |      16 |  15.2
            +---------+---------+-------+---------+---------+-------
        D:1 |      24 |       0 |   0.0 |      15 |       0 |   0.0
        D:2 |      24 |      41 |  63.1 |      14 |       3 |  17.6
        D:3 |      67 |     107 |  61.5 |      26 |       7 |  21.2
        D:4 |     243 |     155 |  38.9 |      24 |       4 |  14.3
        D:5 |     314 |       0 |   0.0 |       9 |       0 |   0.0
        D:6 |       3 |     360 |  99.2 |       1 |       2 |  66.7
            +---------+---------+-------+---------+---------+-------
